 Dungeon Crawl Stone Soup version 0.26-a0-708-g17f3b190f9 (webtiles) character file.

Game seed: 10642856220199545355

247 muata the Sneak (level 6, -1/43 HPs)
             Began as an Octopode Brigand on Oct 20, 2020.
             Succumbed to a killer bee's poison
             ... on level 6 of the Dungeon on Oct 28, 2020.
             The game lasted 00:09:42 (3736 turns).

muata the Sneak (Octopode Brigand)                  Turns: 3736, Time: 00:09:42

Health: -1/43      AC:  1    Str: 11    XL:     6   Next: 11%
Magic:  6/6        EV: 13    Int: 13    God:
Gold:   212        SH:  0    Dex: 15    Spells: 5/5 levels left

rFire    . . .     SeeInvis +   a - +2 dagger
rCold    . . .     Faith    .   (no shield)
rNeg     . . .     Spirit   .   (helmet restricted)
rPois    .         Reflect  .   (no amulet)
rElec    .         Harm     .   m - ring of see invisible
rCorr    .         Rampage  .   u - ring of flight
MR       .....                  (no ring)
Stlth    +++++.....             (no ring)
HPRegen  0.14/turn              (no ring)
MPRegen  0.10/turn              (no ring)
                                (no ring)
                                (no ring)

@: lethally poisoned (-1 -> -31)
A: almost no armour, stealthy swim, amphibious, 8 rings, constrict 8, camouflage
1, gelatinous body 1
a: Evoke Flight


You were on level 6 of the Dungeon.
You visited 1 branch of the dungeon, and saw 6 of its levels.

You collected 212 gold pieces.

Inventory:

Hand Weapons
 a - a +2 dagger (weapon)
Missiles
 b - 19 poisoned darts (quivered)
 c - 2 curare-tipped darts
 q - 4 atropa-tipped darts
Jewellery
 m - a ring of see invisible (left tentacle)
 u - a ring of flight (right tentacle)
Wands
 x - a wand of paralysis (8)
Scrolls
 d - 3 scrolls of random uselessness {unknown}
 e - 3 scrolls of teleportation {unknown}
 f - 3 scrolls of remove curse {unknown}
 h - 2 scrolls of fear {unknown}
 k - a scroll of magic mapping {unknown}
 l - a scroll of enchant armour {unknown}
 r - a scroll of blinking {unknown}
 s - 2 scrolls of fog {unknown}
 t - a scroll of enchant weapon {unknown}
 w - a scroll of amnesia {unknown}
Potions
 g - a potion of lignification {unknown}
 i - 2 potions of curing {unknown}
 j - a potion of berserk rage {unknown}
 n - a potion of brilliance {unknown}
 o - 2 potions of haste {unknown}
 p - a potion of heal wounds {unknown}
 v - 2 potions of degeneration {unknown}


   Skills:
 + Level 3.9 Fighting
 + Level 3.9 Short Blades
 - Level 2.0 Throwing
 - Level 1.0 Dodging
 + Level 7.2 Stealth


You had 5 spell levels left.
You didn't know any spells.
Your spell library was empty.

Dungeon Overview and Level Annotations

Branches:
Dungeon (6/15)             Temple (0/1) D:4

Altars:
Gozag
Kikubaaqudgha
Makhleb
Sif Muna
Yredelemnul
The Shining One

Annotations:
D:3 3 runed translucent doors, DonnieDarkness's ghost, amateur VSFi


Innate Abilities, Weirdness & Mutations

You cannot wear most types of armour.
You are very stealthy in the water. (Stealth+)
You are amphibious.
You can wear up to eight rings at the same time.
You can use your tentacles to constrict eight enemies at once.
Your skin changes colour to match your surroundings (Stealth+).
Your rubbery body absorbs attacks. (AC +1, EV +1)


Message History

You constrict the killer bee.
You feel sick. The killer bee stings you.
* * * LOW HITPOINT WARNING * * *
You are more poisoned.
The killer bee poisons you!
You hit the killer bee but do no damage.
Your squeeze misses the killer bee.
The killer bee is moderately wounded.
You constrict the killer bee. The killer bee stings you!
* * * LOW HITPOINT WARNING * * *
You are more poisoned.
The killer bee poisons you! The killer bee stings you.
* * * LOW HITPOINT WARNING * * *
You are more poisoned.
The killer bee poisons you!
Welcome back, muata the Octopode Brigand.
Press ? for a list of commands and other information.
You closely miss the killer bee.
The killer bee is heavily wounded.
You constrict the killer bee.
You die...

###########
.......@..#
........y.#
..........#
..........#
>.........#
..........#
..........#
..........#


You could see a killer bee.

Vanquished Creatures
  A scorpion (D:4)
  2 worker ants
  6 adders
  2 oozes
  An adder skeleton (D:2)
  2 worms (D:2)
  2 leopard geckos
  6 orcs
  4 giant cockroaches
  5 goblins
  10 hobgoblins
  6 jackals
  6 kobolds
  A quokka (D:4)
  9 bats
  4 frilled lizards
  9 rats
76 creatures vanquished.

Vanquished Creatures (others)
  A giant cockroach (D:2)
  A kobold (D:2)
2 creatures vanquished.

Grand Total: 78 creatures vanquished

Notes
Turn   | Place    | Note
-------+----------+-------------------------------------------
     0 | D:1      | muata the Octopode Brigand began the quest for the Orb.
     0 | D:1      | Reached XP level 1. HP: 14/14 MP: 1/1
   319 | D:1      | Reached XP level 2. HP: 20/20 MP: 2/2
   659 | D:1      | Reached XP level 3. HP: 24/25 MP: 3/3
   960 | D:2      | Found a runed translucent door.
   962 | D:2      | Noticed a human
   999 | D:2      | Found a basalt altar of Yredelemnul.
  1093 | D:2      | Reached skill level 6 in Stealth
  1304 | D:2      | Found a shimmering blue altar of Sif Muna.
  1319 | D:2      | Found a burning altar of Makhleb.
  1438 | D:2      | Found an ancient bone altar of Kikubaaqudgha.
  1454 | D:2      | Reached XP level 4. HP: 18/30 MP: 4/4
  1943 | D:2      | Found a glowing golden altar of the Shining One.
  2347 | D:3      | Found a runed translucent gate.
  2347 | D:3      | Found a runed translucent gate.
  2349 | D:3      | Found a runed translucent gate.
  2349 | D:3      | Found an opulent altar of Gozag.
  2350 | D:3      | Noticed DonnieDarkness's ghost (amateur VSFi)
  2528 | D:3      | Reached XP level 5. HP: 27/36 MP: 5/5
  2904 | D:4      | Found a staircase to the Ecumenical Temple.
  3038 | D:4      | Reached skill level 7 in Stealth
  3066 | D:4      | Found an opulent altar of Gozag.
  3462 | D:4      | Reached XP level 6. HP: 43/43 MP: 6/6
  3669 | D:5      | Entered Level 5 of the Dungeon
  3735 | D:6      | HP: 1/43 [killer bee (4)]
  3736 | D:6      | Upgraded the game from 0.26-a0-682-g294304f6e8 to
                  | 0.26-a0-708-g17f3b190f9
  3736 | D:6      | Succumbed to a killer bee's poison

Illustrated notes

Levels and vault maps discovered:
D:1:      roderic_crop_circles_arrival_small, layout_loops_corners,
          corexii_corridor_pit
D:2:      layout_basic, nicolae_overflow_crystal_walls, tso_altar,
          grunt_temple_overflow_open, dk_yredelemnul_ordeal
D:3:      layout_loops_ring, ebering_ghost_gozag
D:4:      layout_loops_corners, minmay_temple_entry_mini_moons,
          nicolae_gozag_cash_rules_everything_around_me
D:5:      layout_rooms, uniq_crazy_yiuf_cottage
D:6:      lemuel_ratsnest, layout_rooms, uniq_eustachio

Skill      XL: |  1  2  3  4  5 |
---------------+----------------+-----
Stealth        | 6 7 |  7.2
Fighting       | 3 |  3.9
Short Blades   | 3 |  3.9
Throwing       | |  2.0
Dodging        | |  1.0

Action                   |  1- 3 |  4- 6 || total
-------------------------+-------+-------++-------
Melee: Dagger            |    69 |    85 ||   154
       Constrict         |    16 |    17 ||    33
       Tentacles         |    12 |     6 ||    18
 Stab: Sleeping          |    13 |    16 ||    29
Armor: Skin              |     1 |     4 ||     5
Dodge: Dodged            |    35 |    44 ||    79

Table legend: (Time is in decaauts)
 A = Elapsed time spent in this place.
 B = Non-inter-level travel time spent in this place.
 C = Inter-level travel time spent in this place.
 D = Time resting spent in this place.
 E = Time spent auto-exploring this place.
 F = Levels seen in this place.
 G = Mean time per level.
                   A        B        C        D        E       F      G
               +--------+--------+--------+--------+--------+-----+--------+
         Total |   3712 |   3470 |    242 |    660 |   1988 |   6 |  618.7 |
       Dungeon |   3712 |   3470 |    242 |    660 |   1988 |   6 |  618.7 |
               +--------+--------+--------+--------+--------+-----+--------+

Top non-repeatable levels by time:
     D:2: 1104 daAuts
     D:1: 940 daAuts
     D:4: 826 daAuts
     D:3: 776 daAuts
     D:5: 61 daAuts
     D:6: 3 daAuts
